 Dungeon Crawl Stone Soup version 0.21.1-1-g345015fe64 (webtiles) character file.

4335 Pixllover the Cleaver (level 10, 0/132 HPs)
             Began as a Minotaur Berserker on July 6, 2018.
             Was an Elder of Trog.
             Slain by an elephant (12 damage)
             ... on level 8 of the Dungeon on July 13, 2018.
             The game lasted 00:18:24 (7077 turns).

Pixllover the Cleaver (Minotaur Berserker)          Turns: 7077, Time: 00:18:24

Health: 0/132      AC: 19    Str: 29    XL:     10   Next: 12%
Magic:  9/9        EV:  8    Int:  4    God:    Trog [****..]
Gold:   314        SH: 11    Dex: 11    Spells: 9/9 levels left

rFire    . . .     SeeInvis .   f - +0 war axe
rCold    . . .     Gourm    .   s - +0 shield {AC+3}
rNeg     . . .     Faith    .   v - +0 plate armour
rPois    .         Spirit   .   (helmet restricted)
rElec    .         Reflect  .   (no cloak)
rCorr    .         Harm     .   A - +0 pair of gloves
MR       .....                  u - +0 pair of boots
Stlth    ..........             (no amulet)
HPRegen  0.32/turn              (no ring)
MPRegen  0.11/turn              (no ring)

@: berserking (expiring), very quick
A: retaliatory headbutt, horns 2
a: Berserk, Trog's Hand, Brothers in Arms, Burn Spellbooks, Renounce Religion


You were on level 8 of the Dungeon.
You worshipped Trog.
Trog was greatly pleased with you.
You were very hungry.

You visited 1 branch of the dungeon, and saw 8 of its levels.

You collected 314 gold pieces.

Inventory:

Hand Weapons
 a - a +0 hand axe
 f - a +0 war axe (weapon)
 l - a +0 hunting sling of freezing
Missiles
 i - 11 poisoned needles
Armour
 s - a +0 shield of protection (worn)
 u - a +0 pair of boots (worn)
 v - a +0 plate armour (worn)
 A - a +0 pair of gloves (worn)
Jewellery
 y - an uncursed ring of positive energy {unknown}
Wands
 d - a wand of flame (56)
 e - a wand of enslavement (6)
 g - a wand of digging (9)
 p - a wand of paralysis (13)
 C - a wand of polymorph (17)
Scrolls
 b - 4 scrolls of remove curse
 h - 2 scrolls of fog
 j - 3 scrolls of magic mapping
 o - 2 scrolls of teleportation
 q - 4 scrolls of identify
 r - 2 scrolls of fear
Potions
 k - 3 potions of haste
 m - 3 potions of heal wounds
 n - 2 potions of resistance
 t - a potion of cancellation
 w - a potion of curing
 x - a potion of might {unknown}
 z - 2 potions of brilliance {unknown}
Comestibles
 c - 6 rations
 B - 13 chunks of flesh


   Skills:
 + Level 7.6 Fighting
 + Level 11.3 Axes
 + Level 8.8 Armour
 + Level 5.0 Dodging
 + Level 1.7 Stealth
 + Level 6.2 Shields


You had 9 spell levels left.
You didn't know any spells.

Dungeon Overview and Level Annotations

Branches:
Dungeon (8/15)             Temple (0/1) D:6            Lair (0/6) D:8

Altars:
Ashenzari
Elyvilon
Fedhas
Kikubaaqudgha
Nemelex Xobeh
Qazlal
Sif Muna
Xom


Innate Abilities, Weirdness & Mutations

You reflexively headbutt those who attack you in melee.
You have a pair of horns on your head.


Message History

Trog accepts your kill. The yak closely misses you. You furiously retaliate!
You headbutt the yak!!
Things that are here:
a great mace; a giant club; a crocodile corpse You feel a strong urge to attack something.
Things that are here:
an adder corpse; a crocodile corpse You slice the yak!!
You kill the yak!
Trog accepts your kill.
You slash the elephant! You headbutt the elephant!
The elephant is moderately wounded.
You block the elephant's attack.
The elephant trunk-slaps you but does no damage.
You slash the elephant!
The elephant is heavily wounded.
You hit the elephant.
The elephant is heavily wounded.
The elephant tramples you!
You die...

............# #.
............##.#
..............#
..............#
..............#
.............#
#.........$.#
.........#
.......)@#
...#####Y#
########o#
#......o#
........#
........#
........#
........#
........#


You could see an elephant and 2 orcs.

Vanquished Creatures
  A two-headed ogre (D:8)
  The ghost of smiqu the Basher, a novice DsFi of Okawaru (D:7)
  2 hippogriffs
  A yak (D:8)
  Duvessa (D:7)
  2 orc warriors
  2 phantoms (D:5)
  3 ogres
  2 black bears (D:7)
  2 centaurs
  2 crocodiles (D:8)
  A big kobold (D:7)
  2 bullfrogs
  Dowan (D:7)
  4 killer bees (D:7)
  A howler monkey (D:6)
  2 crimson imps
  A quasit (D:6)
  A bullfrog skeleton (D:4)
  4 orc priests
  6 hounds
  7 orc wizards
  A gnoll shaman (D:7)
  An iguana (D:6)
  Ijyb (D:4)
  2 worker ants
  7 adders
  7 gnolls
  A shadow imp (D:5)
  2 adder skeletons
  4 worms
  A dart slug (D:1)
  3 leopard geckos
  29 orcs
  5 giant cockroaches
  9 goblins
  7 hobgoblins
  3 jackals (D:3)
  10 kobolds
  7 quokkas
  A ball python (D:5)
  9 bats
  7 frilled lizards
  A leopard gecko skeleton (D:5)
  A leopard gecko zombie (D:6)
  8 rats
176 creatures vanquished.

Notes
Turn   | Place    | Note
-------+----------+-------------------------------------------
     0 | D:1      | Pixllover the Minotaur Berserker began the quest for the Orb.
     0 | D:1      | Reached XP level 1. HP: 19/19 MP: 0/0
    66 | D:1      | Reached XP level 2. HP: 27/27 MP: 1/1
   100 | D:1      | Reached skill level 4 in Axes
   543 | D:2      | Reached XP level 3. HP: 33/33 MP: 2/2
   556 | D:2      | Reached ** piety under Trog
   570 | D:2      | Found a shattered altar of Ashenzari.
   873 | D:2      | Reached XP level 4. HP: 31/41 MP: 3/3
   905 | D:2      | Found a stormy altar of Qazlal.
  1189 | D:2      | Found a faded altar of an unknown god.
  1704 | D:3      | Reached skill level 5 in Axes
  1732 | D:3      | Reached XP level 5. HP: 41/47 MP: 4/4
  1758 | D:3      | Reached skill level 5 in Fighting
  1837 | D:3      | Reached *** piety under Trog
  2104 | D:3      | Found a sparkling altar of Nemelex Xobeh.
  2620 | D:4      | Reached XP level 6. HP: 36/56 MP: 5/5
  2628 | D:4      | Reached skill level 6 in Axes
  2996 | D:4      | Noticed Ijyb
  3003 | D:4      | Killed Ijyb
  3320 | D:4      | Reached skill level 5 in Armour
  3320 | D:4      | Reached skill level 1 in Shields
  3523 | D:4      | Found a shimmering altar of Xom.
  3711 | D:5      | Entered Level 5 of the Dungeon
  3732 | D:5      | Reached XP level 7. HP: 57/61 MP: 6/6
  3902 | D:5      | Reached skill level 1 in Stealth
  4046 | D:5      | Reached skill level 7 in Axes
  4936 | D:6      | Found a deep blue altar of Sif Muna.
  4936 | D:6      | Found a white marble altar of Elyvilon.
  4945 | D:6      | Reached XP level 8. HP: 33/70 MP: 7/7
  5185 | D:6      | Reached skill level 8 in Axes
  5338 | D:6      | Reached **** piety under Trog
  5538 | D:6      | Found a staircase to the Ecumenical Temple.
  5708 | D:7      | Noticed Duvessa
  5708 | D:7      | Noticed Dowan
  5719 | D:7      | Killed Duvessa
  5721 | D:7      | Reached skill level 9 in Axes
  5723 | D:7      | Killed Dowan
  6153 | D:7      | Reached XP level 9. HP: 76/78 MP: 8/8
  6298 | D:7      | Reached skill level 10 in Axes
  6395 | D:7      | Noticed smiqu's ghost (novice DsFi)
  6439 | D:7      | Killed smiqu's ghost
  6439 | D:7      | Reached skill level 5 in Shields
  6602 | D:7      | Found a blossoming altar of Fedhas.
  6602 | D:7      | Found an ancient bone altar of Kikubaaqudgha.
  7036 | D:8      | Found a staircase to the Lair.
  7036 | D:8      | Noticed an elephant
  7047 | D:8      | Noticed a two-headed ogre
  7068 | D:8      | Reached skill level 11 in Axes
  7071 | D:8      | Killed a two-headed ogre
  7071 | D:8      | Reached skill level 5 in Dodging
  7071 | D:8      | Reached XP level 10. HP: 11/86 MP: 9/9
  7077 | D:8      | Slain by an elephant

Skill      XL: |  1  2  3  4  5  6  7  8  9 |
---------------+----------------------------+-----
Axes           | 4 5 6 7 9 11 | 11.3
Fighting       | 4 5 6 7 |  7.6
Armour         | 3 4 5 6 7 8 |  8.8
Dodging        | 3 4 5 |  5.0
Shields        | 1 2 4 6 |  6.2
Stealth        | 1 |  1.7

Action                   |  1- 3 |  4- 6 |  7- 9 | 10-12 || total
-------------------------+-------+-------+-------+-------++-------
Melee: Hand axe          |    86 |    18 |       |       ||   104
       Headbutt          |    10 |    30 |    46 |     1 ||    87
       War axe           |       |   117 |   244 |     4 ||   365
Invok: Berserk           |       |       |     5 |       ||     5
  Use: Scroll            |       |     9 |     5 |       ||    14
       Potion            |       |     3 |     1 |       ||     4
 Stab: Sleeping          |       |     1 |       |       ||     1
  Eat: Chunk             |       |     8 |    12 |       ||    20
       Ration            |       |       |     1 |       ||     1
Armor: Ring mail         |    29 |    49 |    36 |       ||   114
       Plate armour      |       |       |   149 |     1 ||   150
Dodge: Dodged            |    50 |    68 |    92 |     2 ||   212
Block: Shield            |       |    21 |   148 |     1 ||   170
